woodfighter, chaotic female elven Rogue ----- ##-...| # |{... |.<.| -.--- # # # ## --.---- ||..*.| |....@| |*...fq ------- woodfighter the Cutpurse Experience level: 4 Strength: 15 Dexterity: 17 Constitution: 14 Intelligence: 12 Wisdom: 10 Charisma: 8 Health: 0(24) Energy: 24(24) Def: 3 Gold: 29 Moves: 2477 Dungeon seed: gc7UXYaIQq6LdxSc Game ID: woodfighter_1515439847 Your Inventory: Coins $ - 29 gold pieces Weapons a - a +0 elven short sword (weapon in hand) b - 13 +0 elven daggers (in quiver) Armor e - a blessed +1 leather armor (being worn) q - a cursed -1 dwarvish cloak r - a cursed +0 pair of iron shoes Comestibles o - an uncursed food ration w - an uncursed eucalyptus leaf B - an uncursed tripe ration D - an uncursed fortune cookie Potions V - an uncursed potion of invisibility Wands h - a wand of opening (0:3) O - a wand of speed monster (0:4) Q - a wand of opening (0:6) Tools g - an uncursed blindfold s - an uncursed sack y - an uncursed lock pick Gems n - an uncursed luckstone Contents of the sack: 734 gold pieces a [blessed] scroll of enchant armor a [uncursed] scroll of fire a [cursed] scroll of gold detection a [uncursed] scroll of gold detection 2 [uncursed] scrolls of light a [uncursed] scroll of magic mapping a [uncursed] scroll of scare monster 2 [uncursed] scrolls of scare monster a [uncursed] spellbook of extra healing a [uncursed] potion of booze a [uncursed] potion of gain level a [blessed] potion of hallucination a [uncursed] potion of object detection a [blessed] potion of oil a [uncursed] potion of oil an uncursed potion of sickness a [uncursed] potion of water a [uncursed] ring of cold resistance Spells and supernatural/magical abilities: Name Level Category Fail Memory W - pray for help -- divine ? -- Your skills at the end: Miscellaneous Skills wands [Basic] Weapon Skills dagger [Basic] short sword [Basic] Spellcasting Skills Final Attributes: You were piously aligned. You were sleep resistant. You had infravision. You were stealthy. You were lucky. You had extra luck. Bad luck did not time out for you. Good luck did not time out for you. You are dead. Vanquished creatures: a dwarf an iguana a rothe 2 jitterbugs 2 giant bats an orc zombie 2 dwarf zombies 2 coyotes a gas spore an acid blob 2 geckos a cave spider a yellow mold 3 manes 4 jackals 2 kobolds 5 newts 10 grid bugs 3 lichens 2 kobold zombies 47 creatures vanquished. Voluntary challenges: You did not adorn yourself with jewelry or accessories. You did not cause conflict. You were not invisible. You did not have reflection. You were not displaced. You were an atheist. You used a wielded weapon 62 times, starting on turn 300. You did not apply a unicorn horn. You did not use plumbed fixtures. You did not drink any magical draughts. You were illiterate. You never genocided any monsters. You never polymorphed an object. You never changed form. You used no wishes. You never split a pudding. You never wrote Elbereth's name. You never violated your personal moral code. Dungeon overview: The Dungeons of Doom: levels 1 to 6 Level 1 some fountains a long staircase Level 2 (water) a potion shop, a fountain stairs to The Gnomish Mines Level 3 a delicatessen, a fountain Level 4 some fountains Level 5 a fountain Level 6 <- You were here a fountain The Gnomish Mines: Level 3 stairs to The Dungeons of Doom History has recorded: On T:1 you entered the Dungeons of Doom to retrieve the Amulet of Yendor! On T:299 you reached level 2 of The Dungeons of Doom. On T:470 you reached level 3 of The Dungeons of Doom. On T:651 you reached level 1 of The Gnomish Mines. On T:720 you reached level 4 of The Dungeons of Doom. On T:854 you advanced to experience level 2. On T:1525 you advanced to experience level 3. On T:1545 you reached level 5 of The Dungeons of Doom. On T:1949 you advanced to experience level 4. On T:2432 you reached level 6 of The Dungeons of Doom. Score breakdown: Gold: 763 ( 76 points) Experience: 4 levels ( 300 points) Exploration: 6 levels ( 150 points) Discoveries: 19 items ( 950 points) Variety of kills: 20 monsters ( 1000 points) Major goal: (nothing yet) ( 0 points) Survival: died (score multiplied by 3) Total score: 7428 Latest messages: You see here an orange gem. A cave spider was hidden under a yellow potion! The cave spider bites! You stab the cave spider. The cave spider bites! You kill the cave spider! V - a yellow potion. You see here a cave spider corpse. b - a +0 elven dagger (in quiver). You see here a cave spider corpse. This cave spider corpse tastes terrible! You finish eating the cave spider corpse. You see here 10 rocks. You stop exploring. You stab the rothe. You stab the rothe! The rothe claws you! The rothe bites! (2x) You stab the rothe. The rothe claws you! The rothe bites! (2x) You stab the rothe. Kitty misses the rothe. The rothe claws you! The rothe bites! You die... Final status: Goodbye woodfighter the Rogue, killed by a rothe... You died in The Dungeons of Doom on dungeon level 6 with 7428 points, and 763 pieces of gold, after 2477 moves. You were level 4 with a maximum of 24 hit points when you died.